 Dungeon Crawl Stone Soup version 0.22-a0-785-g6253c82ace (webtiles) character file.

11710 Htamos the Cruncher (level 12, 0/102 HPs)
             Began as a Formicid Fighter on July 20, 2018.
             Was a Believer of Trog.
             Slain by a freezing wraith (2 damage)
             ... in an ice cave.
             The game lasted 00:21:32 (13732 turns).

Htamos the Cruncher (Formicid Fighter)             Turns: 13732, Time: 00:21:32

Health: 0/102      AC: 18    Str: 22    XL:     12   Next: 11%
Magic:  0/21       EV:  4    Int:  8    God:    Trog [**....]
Gold:   825        SH: 11    Dex: 19    Spells: 11/11 levels left

rFire    . . .     SeeInvis +   a - +4 quarterstaff
rCold    . . .     Gourm    .   c - +1 shield
rNeg     . . .     Faith    .   G - +2 plate armour
rPois    .         Spirit   +   (helmet unavailable)
rElec    .         Reflect  .   r - +0 cloak {MR+}
rCorr    .         Harm     .   l - +0 pair of gloves of Ymmuseap {MR+ Dex+5} (curse)
MR       +++++                  n - +2 pair of boots
Stlth    ..........             p - amulet of guardian spirit
HPRegen  1.27/turn              x - ring of protection from magic
MPRegen  0.17/turn              D - ring of magical power

@: regenerating
A: permanent stasis, dig shafts and tunnels, four strong arms, antennae 3
a: Dig, Shaft Self, Trog's Hand, Renounce Religion


You were in an ice cave.
You worshipped Trog.
Trog was pleased with you.
You were not hungry.

You visited 2 branches of the dungeon, and saw 12 of its levels.
You also visited: Sewer, Ossuary and Ice Cave.

You collected 825 gold pieces.

Inventory:

Hand Weapons
 a - a +4 quarterstaff (weapon)
Armour
 b - a +0 scale mail
 c - a +1 shield (worn)
 l - the cursed +0 pair of gloves of Ymmuseap (worn) {MR+ Dex+5}
   (You found it on level 6 of the Dungeon)

   It affects your dexterity (+5).
   It affects your resistance to hostile enchantments.
   It has a curse placed upon it.
 n - a +2 pair of boots (worn)
 r - a +0 cloak of magic resistance (worn)
 v - a +0 pair of gloves
 G - a +2 plate armour (worn)
Magical Staves
 j - an uncursed staff of power
Jewellery
 g - an uncursed amulet of harm {unknown}
 p - an amulet of guardian spirit (around neck)
 q - a +2 ring of intelligence
 t - an uncursed ring of flight
 u - an uncursed ring of fire
 w - an uncursed amulet of magic regeneration
 x - a ring of protection from magic (left hand)
 D - a ring of magical power (right hand)
Wands
 d - a wand of digging (18)
 e - a wand of iceblast (14)
 m - a wand of flame (62)
 y - a wand of polymorph (39)
 z - a wand of paralysis (12)
Scrolls
 h - 5 scrolls of remove curse
 i - 16 scrolls of identify
 k - 3 scrolls of amnesia
 A - a scroll of fog
 F - 2 scrolls of fear
 H - 2 scrolls of summoning {unknown}
Potions
 C - 5 potions of magic
Comestibles
 f - 17 rations


   Skills:
 + Level 11.9 Fighting
 * Level 14.5 Staves
 - Level 3.2 Armour
 - Level 3.6 Shields


You had 11 spell levels left.
You didn't know any spells.
Your spell library was empty.

Dungeon Overview and Level Annotations

Branches:
Dungeon (11/15)            Temple (1/1) D:7            Lair (0/6) D:9
    Orc: D:9-12

Altars:
Ashenzari
Cheibriados
Gozag
Qazlal
Trog
Wu Jian
Xom
Yredelemnul
Zin
Beogh

Shops:
D:6 (   D:10 (%


Innate Abilities, Weirdness & Mutations

You cannot be hasted, slowed, berserked, paralysed or teleported.
You can dig through walls and to a lower floor.
Your four strong arms can wield two-handed weapons with a shield.
You have a pair of large antennae on your head. (SInv)


Message History

* * * LOW HITPOINT WARNING * * *
You block the freezing wraith's attack.
You hit the freezing wraith but do no damage.
The freezing wraith is severely damaged.
The freezing wraith hits you but does no damage.
The freezing wraith hits you.
* * * LOW HITPOINT WARNING * * *
Unknown command.
You hit the freezing wraith.
The freezing wraith is severely damaged.
Unknown command.
You closely miss the freezing wraith.
The freezing wraith is severely damaged.
The freezing wraith hits you.
* * * LOW HITPOINT WARNING * * *
The freezing wraith freezes you!!
* * * LOW MAGIC WARNING * * *;
* * * LOW HITPOINT WARNING * * *
The freezing wraith hits you.
* * * LOW MAGIC WARNING * * *
You die...

##...## ....Y { ##...#
##..W ##..# ##..# ##..##≈
#..### #..###≈≈##...### #
##..####≈≈##.Y..###
##.#....#.##≈≈Y##....##
#..........##≈WW###...###
............####@####...###
{ .............#####
###...## {{
#...............## ##...# {
##........###....## ###..#
####...### ###...# ##....#
##### ##..# ##....##
#...###...### ##..###...##
##..###...##


You could see 2 freezing wraiths and an ice beast.

Vanquished Creatures
  A hydra (D:10)
  2 two-headed ogres
  An unseen horror (D:11)
  A manticore (D:8)
  An ugly thing (D:8)
  4 freezing wraiths (IceCv)
  Grinder (D:3)
  11 yaks
  A wraith (D:11)
  A wyvern (D:9)
  Grum (D:8)
  A death yak simulacrum (IceCv)
  A hungry ghost (D:10)
  A steam dragon (D:8)
  Purgy (Sewer)
  2 orc warriors
  4 sky beasts
  6 ice beasts
  A necrophage (D:6)
  4 centaurs
  3 ogres
  3 wolves (D:8)
  A crocodile (D:10)
  A big kobold (D:7)
  An elf zombie (Ossuary)
  4 bullfrogs
  A wyvern zombie (D:7)
  A water moccasin skeleton (D:6)
  6 scorpions
  An elephant simulacrum (IceCv)
  5 killer bees (D:8)
  4 wights (D:11)
  2 centaur zombies
  2 crimson imps
  A quasit (D:10)
  4 orc priests
  A gnoll shaman (D:8)
  3 hounds
  A human zombie (Ossuary)
  4 iguanas
  A jelly (D:9)
  8 orc wizards
  2 bullfrog skeletons
  A centaur skeleton (D:9)
  7 worker ants
  A killer bee zombie (D:6)
  2 wolf simulacra (IceCv)
  A hound zombie (Ossuary)
  4 mummies (Ossuary)
  2 worker ant zombies
  9 gnolls
  14 adders
  3 shadow imps
  5 white imps (IceCv)
  2 adder zombies
  4 adder skeletons
  2 worms
  6 leopard geckos
  43 orcs
  6 giant cockroaches
  8 goblins
  14 hobgoblins
  A jackal (D:7)
  15 kobolds
  6 quokkas
  7 bats
  4 frilled lizards
  A gnoll zombie (Ossuary)
  2 goblin zombies
  2 hobgoblin zombies (Ossuary)
  A jackal zombie (Ossuary)
  A leopard gecko skeleton (D:5)
  2 orc zombies (Ossuary)
  2 quokka zombies
  7 rats
  A rat zombie (Ossuary)
292 creatures vanquished.

Notes
Turn   | Place    | Note
-------+----------+-------------------------------------------
     0 | D:1      | Htamos the Formicid Fighter began the quest for the Orb.
     0 | D:1      | Reached XP level 1. HP: 18/18 MP: 1/1
    78 | D:1      | Reached XP level 2. HP: 23/24 MP: 2/2
   640 | D:2      | Reached skill level 3 in Staves
   640 | D:2      | Reached XP level 3. HP: 26/30 MP: 3/3
   726 | D:2      | Found a shattered altar of Ashenzari.
  1124 | D:2      | Reached XP level 4. HP: 37/37 MP: 4/4
  1603 | D:3      | Found a glowing drain.
  1626 | D:3      | Reached skill level 4 in Staves
  1626 | D:3      | Reached XP level 5. HP: 30/42 MP: 5/5
  1647 | Sewer    | Entered a sewer
  1894 | Sewer    | Noticed Purgy
  1908 | Sewer    | Killed Purgy
  1908 | Sewer    | Reached skill level 5 in Staves
  1908 | Sewer    | Reached XP level 6. HP: 22/50 MP: 6/6
  2108 | D:3      | Noticed Grinder
  2126 | D:3      | Killed Grinder
  2126 | D:3      | Reached skill level 5 in Fighting
  2126 | D:3      | Reached XP level 7. HP: 16/56 MP: 7/7
  2578 | D:3      | Reached skill level 6 in Staves
  3691 | D:4      | Reached skill level 7 in Staves
  3691 | D:4      | Reached XP level 8. HP: 64/64 MP: 8/8
  4063 | D:5      | Entered Level 5 of the Dungeon
  4348 | D:5      | Found a runed door.
  4609 | D:5      | Reached skill level 8 in Staves
  4842 | D:5      | Found a shimmering altar of Xom.
  4845 | D:5      | Found an opulent altar of Gozag.
  5151 | D:5      | Reached XP level 9. HP: 58/72 MP: 9/9
  5155 | D:5      | Found a roughly hewn altar of Beogh.
  5226 | D:6      | Reached skill level 9 in Staves
  5650 | D:6      | Found a sand-covered staircase.
  5673 | Ossuary  | Entered an ossuary
  6115 | D:6      | Found Poryla Ware's Antique Weapon Shoppe.
  6121 | D:6      | Got a pair of faintly humming gloves
  6132 | D:6      | Identified the cursed +0 pair of gloves of Ymmuseap {MR+ Dex+5} (You found it on level 6 of the Dungeon)
  6211 | D:6      | Reached skill level 10 in Staves
  6714 | D:7      | Found a staircase to the Ecumenical Temple.
  7153 | D:8      | Noticed a white ugly thing
  7224 | Temple   | Entered the Ecumenical Temple
  7232 | Temple   | Became a worshipper of Trog the Wrathful
  7490 | D:8      | Reached XP level 10. HP: 65/80 MP: 10/10
  7554 | D:8      | HP: 1/82 [white ugly thing (31)]
  7914 | D:8      | Killed a white ugly thing
  7914 | D:8      | Reached skill level 11 in Staves
  7952 | D:8      | Found a glowing silver altar of Zin.
  8170 | D:8      | Reached * piety under Trog
  8207 | D:8      | Noticed a manticore
  8224 | D:8      | Killed a manticore
  8563 | D:8      | Noticed a two-headed ogre
  8571 | D:8      | Killed a two-headed ogre
  8571 | D:8      | Reached skill level 10 in Fighting
  8571 | D:8      | Reached skill level 12 in Staves
  8734 | D:8      | Noticed Grum
  8756 | D:8      | Killed Grum
  9387 | D:9      | Reached XP level 11. HP: 85/92 MP: 11/11
  9746 | D:9      | Found a staircase to the Lair.
 10143 | D:9      | Reached skill level 13 in Staves
 10343 | D:10     | Entered Level 10 of the Dungeon
 10671 | D:10     | Found Raull's Food Shoppe.
 10676 | D:10     | Noticed a five-headed hydra
 10690 | D:10     | Reached ** piety under Trog
 11033 | D:10     | Killed a five-headed hydra
 11217 | D:10     | Noticed a two-headed ogre
 11278 | D:10     | Killed a two-headed ogre
 11749 | D:10     | Found Ronnojyarr's Weapon Emporium.
 12461 | D:11     | Reached skill level 14 in Staves
 12570 | D:11     | Found a frozen archway.
 12572 | D:11     | Noticed an unseen horror
 12590 | D:11     | Killed an unseen horror
 12605 | IceCv    | Entered an ice cave
 13261 | IceCv    | Reached XP level 12. HP: 99/102 MP: 12/12
 13732 | IceCv    | HP: 2/102 [freezing wraith (12)]
 13732 | IceCv    | Slain by a freezing wraith

Vault maps used:
D:1:      co_arrival_two_rings
D:2:      lemuel_round_altar, minmay_goblin_outpost
D:3:      gup_sewer_entry_glass, first_ration, uniq_grinder
D:5:      grunt_temple_overflow_open, lightli_church_of_beogh
D:6:      serial_shops, kennysheep_little_box, enter_ossuary_4
D:7:      kennysheep_six_static_rooms, minmay_temple_entry_junction,
          kennysheep_nondescript, minivault_11
D:8:      kennysheep_mini_moat, uniq_grum
D:9:      dpeg_oklobed_lair
D:10:     serial_shops, shop, shop
D:11:     portal_ice_cave_entry_pillars_1
Temple:   regret_index_temple_mists
Sewer:    kennysheep_door_sewer
Ossuary:  ossuary_minmay_tomb_2a
IceCv:    ice_cave_small_necro

Skill      XL: |  1  2  3  4  5  6  7  8  9 10 11 |
---------------+----------------------------------+-----
Staves         | 3 4 5 7 8 10 12 14 | 14.5
Fighting       | 4 5 6 7 8 10 11 | 11.9
Armour         | |  3.2
Shields        | |  3.6

Action                   |  1- 3 |  4- 6 |  7- 9 | 10-12 || total
-------------------------+-------+-------+-------+-------++-------
Melee: Quarterstaff      |   102 |   119 |   454 |   471 ||  1146
       Staff             |       |       |       |   331 ||   331
Invok: Trog's Hand       |       |       |       |     2 ||     2
 Abil: Dig               |       |     3 |     1 |     6 ||    10
Evoke: Wand              |       |       |       |     8 ||     8
  Use: Scroll            |       |     7 |    13 |     5 ||    25
       Potion            |       |       |       |    20 ||    20
  Eat: Chunk             |     1 |     3 |    18 |    17 ||    39
       Ration            |       |       |       |     4 ||     4
Armor: Scale mail        |    48 |    71 |   178 |       ||   297
       Plate armour      |       |       |     7 |   374 ||   381
Dodge: Dodged            |    36 |    35 |   144 |   110 ||   325
Block: Shield            |    48 |    88 |   242 |   351 ||   729

Table legend:
 A = Spawn XP
 B = Non-spawn XP
 C = Spawn XP percentage of total XP
 D = Spawn monster count
 E = Non-spawn monster count
 F = Spawn count percentage of total count
 G = Total turns spent on level
                    A         B        C        D         E        F      G
               +---------+---------+-------+---------+---------+-------+---------
         Total |       0 |   16729 |   0.0 |       0 |     292 |   0.0 | 13732
               +---------+---------+-------+---------+---------+-------+---------
           D:1 |       0 |      21 |   0.0 |       0 |      12 |   0.0 |   626
           D:2 |       0 |     100 |   0.0 |       0 |      33 |   0.0 |   941
           D:3 |       0 |     357 |   0.0 |       0 |      19 |   0.0 |   971
           D:4 |       0 |     419 |   0.0 |       0 |      21 |   0.0 |  1180
           D:5 |       0 |    1014 |   0.0 |       0 |      44 |   0.0 |  1239
           D:6 |       0 |     707 |   0.0 |       0 |      16 |   0.0 |   836
           D:7 |       0 |     760 |   0.0 |       0 |      21 |   0.0 |  1575
           D:8 |       0 |    3811 |   0.0 |       0 |      39 |   0.0 |  1137
           D:9 |       0 |    1490 |   0.0 |       0 |      14 |   0.0 |  1287
          D:10 |       0 |    3842 |   0.0 |       0 |      24 |   0.0 |  1566
          D:11 |       0 |    1405 |   0.0 |       0 |       9 |   0.0 |   410
         Sewer |       0 |     149 |   0.0 |       0 |       6 |   0.0 |   450
       Ossuary |       0 |     244 |   0.0 |       0 |      16 |   0.0 |   370
         IceCv |       0 |    2410 |   0.0 |       0 |      18 |   0.0 |  1127
               +---------+---------+-------+---------+---------+-------+---------
